Map: Protocolo central

Players

xXkazperXx - Winner!

  • Race: Zerg Zerg

RANURA DE IA (Media)

  • Race: Zerg Zerg

VOD

Have the link to the VOD?

Description

Time

  • Played on: March 8, 2016, 7:38 p.m.
  • Length: 46:01
Show
View Real Time Build Order
Export as new Build Order

xXkazperXx Zerg - Winner!

Build Orders: Pool First 

Get SALT Encoding   

  12  0:02  Drone  
  13  0:08  Drone  
  14  0:16  Overlord  
  14  0:37  Spawning Pool  
  14  0:38  Drone  
  14  0:52  Drone  
  14  0:53  Drone x2  
  17  0:59  Extractor  
  16  1:13  Drone  
  17  1:26  Queen  
  17  1:31  Zergling x2  
  17  1:32  Zergling x2  
  21  1:38  Drone  
  22  1:51  Overlord  
  22  2:14  Roach Warren  
  21  2:42  Drone x6  
  27  3:06  Drone x2  
  29  3:13  Metabolic Boost  
  29  3:15  Lair  
  29  3:37  Overlord  
  29  3:38  Overlord x2  
  27  4:26  Roach x5  
  27  4:27  Roach  
  39  4:34  Spine Crawler  
  38  4:44  Spine Crawler  
  37  4:59  Pneumatized Carapace  
  37  5:07  Hydralisk Den  
  36  5:14  Zergling x6  
  36  5:44  Hydralisk x2  
  40  5:58  Hatchery  
  39  6:16  Hydralisk x2  
  43  6:21  Extractor  
  42  6:47  Ravager  
  44  6:54  Drone x5  
  44  6:55  Drone  
  49  7:18  Hydralisk x2  
  53  7:40  Drone x3  
  56  7:44  Queen  
  58  8:01  Overlord  
  58  8:13  Drone x2  
  60  8:30  Hydralisk x2  
  60  8:31  Hydralisk  
  66  8:45  Spire  
  65  8:49  Roach  
  65  8:53  Overlord x4  
  65  8:54  Overlord x2  
  67  9:16  Drone x4  
  71  9:17  Infestation Pit  
  61  10:05  Mutalisk x4  
  69  10:10  Corruptor  
  71  10:15  Drone x3  
  71  10:16  Drone x2  
  76  10:23  Extractor  
  76  10:25  Extractor  
  74  10:59  Corruptor x2  
  78  11:06  Hive  
  78  11:17  Mutalisk  
  80  11:21  Zergling x6  
  80  11:23  Zergling x2  
  80  11:24  Zergling x4  
  86  11:35  Baneling Nest  
  86  11:36  Lurker Den  
  85  11:40  Overseer  
  85  11:53  Mutalisk  
  87  11:56  Drone  
  88  12:05  Drone x2  
  88  12:06  Drone  
  91  12:20  Hatchery  
  90  12:27  Greater Spire  
  90  12:40  Mutalisk  
  90  12:41  Mutalisk x3  
  98  12:47  Overlord  
  98  12:49  Overlord  
  98  12:56  Drone x4  
  102  13:02  Drone x3  
  105  13:30  Extractor  
  105  13:33  Extractor  
  103  13:36  Drone  
  104  13:44  Brood Lord  
  106  13:49  Brood Lord  
  106  13:52  Brood Lord  
  110  13:58  Centrifical Hooks  
  110  14:00  Zerg Flyer Weapons Level 1  
  110  14:05  Muscular Augments  
  95  15:01  Queen  
  95  15:02  Drone x3  
  95  15:05  Hatchery  
  99  15:13  Zergling x6  
  102  15:15  Zergling x2  
  102  15:19  Zergling x4  
  102  15:20  Zergling x2  
  106  15:35  Adrenal Glands  
  106  15:40  Hydralisk  
  106  15:41  Hydralisk  
  110  15:43  Hydralisk x2  
  114  15:54  Zerg Flyer Armor Level 1  
  114  15:58  Lurker  
  114  16:00  Lurker  
  116  16:04  Spine Crawler  
  116  16:06  Spine Crawler  
  114  16:19  Drone x5  
  114  16:24  Drone  
  120  16:28  Burrow  
  120  16:34  Spore Crawler  
  119  16:44  Hydralisk x4  
  119  16:45  Hydralisk x2  
  131  17:16  Mutalisk x6  
  131  17:19  Overlord x3  
  113  18:15  Roach x3  
  113  18:17  Roach  
  113  18:18  Roach x3  
  127  18:20  Zergling x10  
  127  18:24  Drone  
  127  18:25  Drone x2  
  135  18:29  Extractor  
  135  18:32  Extractor  
  133  18:55  Drone x2  
  134  18:56  Drone  
  136  19:03  Drone x3  
  136  19:08  Zerg Flyer Armor Level 2  
  134  19:50  Hydralisk x4  
  126  19:55  Roach x7  
  114  20:20  Mutalisk x4  
  122  20:22  Corruptor, Infestor  
  122  20:23  Corruptor x4  
  122  20:25  Hydralisk x6  
  146  20:28  Viper x3  
  155  20:39  Lurker  
  150  21:24  Zerg Flyer Weapons Level 2  
  148  21:27  Ravager  
  137  22:41  Lurker  
  137  22:42  Lurker  
  129  23:26  Hatchery  
  122  23:28  Extractor  
  122  23:32  Extractor  
  105  24:17  Lurker x4  
  94  24:33  Mutalisk  
  94  24:34  Mutalisk x2  
  94  24:36  Mutalisk x3  
  99  24:38  Corruptor x3  
  99  24:41  Hydralisk x3  
  99  24:43  Hydralisk  
  104  24:48  Queen  
  87  25:44  Brood Lord  
  87  25:45  Brood Lord x2  
  93  25:50  Queen  
  95  25:59  Viper  
  95  26:00  Viper x2  
  104  26:06  Viper x6  
  98  27:53  Zergling x12  
  98  27:55  Roach  
  98  27:56  Roach x5  
  98  27:57  Hydralisk x3  
  122  27:59  Hydralisk x3  
  128  28:22  Corruptor  
  130  28:27  Corruptor  
  130  28:28  Corruptor x4  
  140  28:53  Mutalisk x3  
  146  29:05  Brood Lord x5  
  146  29:07  Brood Lord  
  105  30:26  Mutalisk x3  
  111  30:29  Mutalisk x3  
  111  30:33  Mutalisk x6  
  131  30:52  Mutalisk  
  131  30:53  Mutalisk  
  135  31:01  Queen  
  135  31:05  Hydralisk x3  
  135  31:07  Hydralisk x3  
  145  31:25  Corruptor  
  145  31:30  Viper x2  
  153  31:35  Corruptor x2  
  153  31:36  Mutalisk x4  
  165  31:50  Ultralisk Cavern  
  164  31:59  Evolution Chamber  
  163  32:14  Overseer  
  163  32:43  Overlord x2  
  163  32:44  Overlord  
  163  32:46  Pathogen Glands  
  163  32:48  Zerg Flyer Weapons Level 3  
  163  32:57  Zerg Melee Weapons Level 1  
  133  34:21  Mutalisk x4  
  141  34:25  Hydralisk x2  
  145  34:33  Zergling x10  
  144  34:51  Zerg Missile Weapons Level 1  
  123  40:15  Extractor  
  122  40:22  Extractor  
  121  40:43  Extractor  
  121  40:46  Extractor  
  119  41:00  Hatchery  
  118  41:19  Hatchery  
  113  42:35  Corruptor x3  
  119  42:39  Mutalisk x3  
  119  42:41  Mutalisk x3  
  131  42:44  Hydralisk x3  
  131  42:47  Hydralisk x2  
  131  42:49  Hydralisk x3  
  147  44:54  Brood Lord x5  
  147  44:58  Lurker  
  147  44:59  Lurker x6  
Show
View Real Time Build Order
Export as new Build Order

RANURA DE IA (Media) Zerg 

Build Orders: Pool First 

Get SALT Encoding   

  12  0:00  Drone  
  13  0:12  Overlord  
  13  0:16  Drone  
  14  0:30  Drone  
  14  0:33  Drone  
  16  0:43  Spawning Pool  
  16  0:45  Drone  
  17  0:50  Drone  
  17  0:53  Extractor  
  17  0:55  Drone  
  17  1:05  Overlord  
  17  1:31  Zergling x2  
  17  1:32  Queen  
  18  1:34  Zergling x2  
  18  1:38  Drone  
  22  1:40  Roach Warren  
  22  1:41  Extractor  
  20  1:49  Drone  
  21  1:55  Baneling Nest  
  21  2:00  Drone  
  21  2:10  Drone  
  22  2:21  Zergling x2  
  23  2:31  Zergling x2  
  24  2:39  Baneling x2, Overlord, Zergling x2  
  24  2:43  Zergling x2  
  26  2:46  Zergling x2  
  27  2:54  Zergling x2  
  27  2:58  Baneling  
  28  3:03  Baneling  
  28  3:05  Zergling x2  
  29  3:11  Drone, Evolution Chamber, Zergling x2  
  30  3:14  Drone  
  30  3:19  Drone  
  32  3:29  Overlord  
  32  3:38  Drone  
  33  3:43  Drone  
  33  3:45  Drone  
  35  3:48  Drone  
  36  4:21  Baneling  
  34  4:25  Zergling x2  
  34  4:28  Baneling x2, Zergling x2  
  36  4:53  Lair, Drone  
  36  4:56  Overlord  
  37  5:14  Drone  
  37  5:18  Overlord  
  38  5:23  Spore Crawler  
  38  5:24  Drone  
  38  5:31  Spore Crawler  
  38  5:33  Hatchery  
  26  5:51  Overseer x2  
  26  5:52  Zergling x2  
  26  5:54  Spire  
  26  5:58  Drone  
  26  5:59  Zergling x2  
  28  6:05  Drone  
  28  6:06  Zergling x2  
  30  6:13  Baneling, Zergling x2  
  31  6:21  Zergling x2  
  31  6:24  Spine Crawler  
  31  6:26  Drone  
  31  6:28  Baneling, Zergling x2  
  33  6:35  Zergling x2  
  33  6:37  Spine Crawler  
  33  6:39  Drone  
  34  6:45  Drone  
  35  6:48  Drone  
  35  6:51  Drone  
  35  6:53  Drone  
  38  6:58  Drone  
  40  7:01  Drone  
  40  7:04  Drone  
  40  7:07  Mutalisk, Drone  
  44  7:10  Drone  
  45  7:16  Spore Crawler  
  45  7:17  Drone  
  45  7:19  Mutalisk  
  45  7:22  Spore Crawler  
  46  7:25  Drone  
  46  7:26  Mutalisk  
  46  7:28  Drone  
  50  7:30  Drone  
  50  7:33  Queen, Drone  
  54  7:38  Drone  
  54  7:42  Drone  
  56  7:46  Spine Crawler  
  56  7:49  Drone  
  56  7:50  Spine Crawler  
  55  7:53  Drone  
  55  7:56  Mutalisk, Drone  
  55  7:57  Overlord  
  59  8:00  Drone  
  59  8:04  Drone  
  61  8:06  Queen  
  61  8:10  Mutalisk  
  61  8:12  Hydralisk Den  
  64  8:15  Drone  
  64  8:18  Infestation Pit  
  64  8:21  Evolution Chamber, Drone  
  64  8:26  Drone  
  65  8:36  Overseer, Overlord  
  65  9:03  Extractor  
  65  9:07  Extractor, Drone  
  65  9:09  Pneumatized Carapace, Roach, Overlord  
  66  9:10  Overseer  
  66  9:16  Roach  
  68  9:23  Hydralisk  
  70  9:27  Hatchery  
  70  9:28  Overlord  
  70  9:31  Roach  
  71  9:38  Roach  
  72  9:45  Roach  
  60  9:52  Hydralisk  
  60  9:55  Overlord  
  60  9:58  Drone  
  60  9:59  Hydralisk  
  63  10:02  Zerg Melee Weapons Level 1  
  63  10:06  Infestor  
  65  10:08  Zerg Ground Armor Level 1  
  67  10:14  Roach  
  67  10:18  Muscular Augments  
  69  10:21  Roach  
  69  10:24  Burrow  
  71  10:28  Roach  
  73  10:35  Roach  
  73  10:40  Queen, Drone  
  76  10:43  Roach, Drone  
  76  10:46  Drone  
  76  10:49  Drone  
  81  10:50  Zergling x2  
  81  10:51  Drone  
  81  10:53  Extractor  
  81  10:54  Drone  
  81  10:55  Spore Crawler  
  81  10:56  Hydralisk  
  82  10:57  Spore Crawler, Drone  
  82  11:00  Drone  
  82  11:03  Hydralisk  
  85  11:10  Drone  
  85  11:11  Hydralisk  
  88  11:13  Drone  
  88  11:16  Overlord, Drone  
  88  11:18  Infestor  
  92  11:19  Drone  
  92  11:22  Drone  
  92  11:25  Drone  
  97  11:28  Drone  
  97  11:29  Spine Crawler  
  97  11:30  Drone  
  98  11:33  Drone  
  98  11:38  Spine Crawler  
  98  11:39  Hive, Drone  
  99  11:56  Zerg Missile Weapons Level 1  
  99  12:18  Extractor  
  99  12:19  Drone  
  99  12:51  Greater Spire  
  99  12:55  Ultralisk Cavern  
  99  12:56  Drone  
  99  13:34  Overlord  
  99  13:35  Roach, Zerg Melee Weapons Level 2  
  99  13:38  Roach  
  103  13:42  Roach  
  103  13:46  Roach  
  107  13:49  Roach  
  107  13:50  Zerg Ground Armor Level 2  
  107  13:53  Roach, Overlord  
  111  14:02  Zerg Flyer Armor Level 1  
  111  14:05  Spire  
  111  14:07  Drone  
  111  14:08  Zergling x2  
  109  14:11  Hydralisk  
  109  14:15  Hydralisk  
  91  14:18  Hydralisk  
  91  14:22  Hydralisk, Overseer  
  83  14:25  Hydralisk  
  83  14:30  Roach, Overlord  
  87  14:33  Hydralisk  
  87  14:37  Roach  
  91  14:41  Roach  
  91  14:44  Roach  
  95  14:48  Roach, Overlord  
  95  14:51  Roach  
  99  14:53  Hatchery  
  99  14:55  Roach  
  99  14:58  Roach  
  102  15:02  Roach  
  102  15:06  Roach  
  106  15:09  Infestor  
  108  15:17  Zerg Flyer Weapons Level 1  
  108  15:50  Zerg Missile Weapons Level 2  
  108  16:00  Zerg Flyer Armor Level 2  
  108  16:05  Queen, Drone  
  108  16:06  Zerg Melee Weapons Level 3  
  111  16:17  Extractor  
  111  16:18  Drone  
  111  16:25  Spore Crawler  
  111  16:26  Drone  
  111  16:27  Spore Crawler  
  111  16:28  Extractor  
  111  16:29  Drone  
  111  16:32  Drone  
  111  16:50  Spine Crawler  
  111  16:51  Drone  
  111  16:52  Spine Crawler  
  110  16:54  Drone  
  111  17:11  Zerg Flyer Weapons Level 2  
  111  17:13  Infestor  
  111  17:14  Viper  
  111  17:15  Overlord  
  116  17:18  Infestor  
  118  17:23  Infestor  
  118  17:28  Infestor  
  122  17:33  Overlord  
  122  17:34  Infestor  
  122  17:35  Overseer  
  119  17:38  Overseer  
  119  17:39  Infestor  
  109  17:44  Infestor  
  109  17:50  Zergling x2  
  94  17:54  Hydralisk  
  86  17:59  Infestor  
  86  18:00  Overseer, Overlord  
  86  18:04  Hydralisk  
  88  18:06  Zerg Ground Armor Level 3  
  88  18:10  Roach  
  90  18:15  Roach  
  92  18:20  Roach  
  92  18:25  Roach  
  96  18:30  Roach  
  98  18:35  Roach  
  98  18:40  Roach  
  102  18:43  Zerg Missile Weapons Level 3  
  102  18:45  Roach  
  104  18:50  Roach  
  106  18:56  Roach  
  108  19:46  Hydralisk  
  108  19:52  Zergling x2  
  98  19:56  Queen  
  98  19:57  Hydralisk  
  98  19:59  Queen  
  88  20:02  Roach  
  88  20:04  Overseer  
  88  20:05  Overlord x2  
  88  20:07  Hatchery  
  77  20:08  Roach, Viper  
  77  20:12  Infestor  
  77  20:18  Roach  
  79  20:23  Roach  
  81  20:28  Roach  
  81  20:33  Roach  
  85  20:38  Roach  
  87  20:43  Roach  
  87  20:48  Roach  
  91  20:53  Infestor  
  93  20:58  Infestor  
  93  21:03  Infestor  
  97  21:08  Infestor  
  99  21:13  Infestor  
  99  21:18  Queen  
  92  21:19  Roach, Queen, Drone  
  92  21:23  Viper  
  92  21:24  Infestor  
  87  21:29  Infestor  
  87  21:30  Extractor  
  87  21:31  Overseer, Overlord, Drone  
  85  21:34  Hydralisk, Spore Crawler  
  85  21:35  Drone  
  85  21:36  Spore Crawler  
  85  21:37  Extractor  
  85  21:38  Drone  
  85  21:39  Overseer  
  85  21:40  Spore Crawler, Zergling x2  
  85  21:41  Drone  
  85  21:44  Hydralisk, Drone  
  85  21:47  Queen, Drone  
  85  21:49  Overlord  
  85  21:50  Roach  
  84  21:54  Drone, Swarm Host, Spine Crawler  
  84  21:58  Queen, Drone  
  84  22:00  Swarm Host, Spine Crawler  
  83  22:01  Drone  
  83  22:04  Drone, Spine Crawler  
  83  22:05  Roach  
  83  22:07  Drone  
  79  22:10  Roach, Drone  
  79  22:11  Spore Crawler  
  79  22:13  Drone  
  78  22:15  Roach  
  78  22:16  Queen, Overlord, Overseer, Drone  
  78  22:19  Drone  
  78  22:20  Roach  
  78  22:22  Drone  
  83  22:25  Drone  
  83  22:26  Roach  
  83  22:28  Drone  
  83  22:30  Overseer  
  83  22:31  Roach, Drone  
  83  22:34  Drone  
  83  22:36  Roach, Overlord  
  85  22:37  Drone  
  85  22:41  Roach, Drone  
  82  22:44  Drone  
  82  22:46  Infestor  
  82  22:47  Drone  
  82  22:48  Overseer  
  82  22:50  Drone  
  87  22:52  Roach  
  87  22:53  Spine Crawler, Drone  
  87  22:54  Overseer  
  87  22:55  Overlord  
  87  22:56  Spore Crawler  
  87  22:57  Infestor, Drone x2  
  86  23:02  Viper, Drone, Zergling x2  
  75  23:06  Drone  
  75  23:07  Infestor  
  75  23:09  Drone  
  75  23:12  Queen, Drone  
  78  23:13  Queen, Overlord  
  78  23:15  Drone  
  78  23:18  Roach, Drone  
  80  23:21  Drone  
  80  23:22  Hydralisk  
  80  23:24  Drone  
  75  23:27  Swarm Host, Drone  
  75  23:30  Drone  
  75  23:32  Swarm Host  
  75  23:34  Drone  
  82  23:36  Drone  
  82  23:38  Roach  
  82  23:39  Drone  
  77  23:42  Drone  
  77  23:43  Roach  
  77  23:45  Overlord, Drone  
  76  23:48  Drone  
  76  23:49  Roach  
  76  23:51  Drone  
  76  23:53  Hydralisk  
  76  23:54  Drone  
  75  23:57  Overseer, Drone  
  75  23:59  Roach  
  75  24:04  Drone, Overlord, Zergling x2  
  75  24:07  Drone  
  75  24:09  Infestor  
  76  24:10  Drone  
  76  24:12  Overseer  
  76  24:13  Drone  
  76  24:14  Infestor  
  78  24:19  Infestor  
  78  24:21  Hatchery  
  78  24:23  Viper  
  73  24:24  Overlord  
  73  24:25  Infestor  
  73  24:31  Roach  
  77  24:32  Overseer  
  77  24:36  Roach, Extractor  
  74  24:41  Roach  
  74  24:43  Overlord, Extractor  
  75  24:47  Roach  
  75  24:52  Roach  
  79  25:01  Roach, Overlord  
  79  25:07  Zergling x2  
  76  25:10  Roach  
  76  25:13  Swarm Host  
  81  25:17  Hydralisk  
  81  25:20  Hydralisk, Overlord  
  85  25:25  Roach  
  89  25:28  Roach  
  89  25:32  Roach  
  93  25:35  Roach  
  93  25:38  Hydralisk, Overlord, Spore Crawler, Drone  
  93  25:41  Drone  
  98  25:43  Roach  
  98  25:46  Roach  
  100  25:50  Roach  
  100  25:52  Spore Crawler  
  100  25:53  Roach, Drone  
  100  25:56  Hydralisk, Queen, Drone  
  100  25:57  Queen, Overlord  
  107  25:59  Drone  
  107  26:00  Hydralisk  
  107  26:02  Drone  
  107  26:04  Hydralisk  
  115  26:05  Drone  
  118  26:15  Overlord, Drone  
  118  26:17  Spine Crawler  
  118  26:18  Drone  
  119  26:20  Spine Crawler  
  119  26:21  Drone  
  119  26:24  Drone  
  120  26:26  Drone  
  120  26:29  Drone  
  120  26:32  Drone  
  123  26:34  Overlord  
  123  26:35  Drone  
  123  26:38  Drone  
  125  26:48  Hatchery  
  125  26:49  Drone  
  125  27:03  Drone  
  125  27:13  Hydralisk  
  125  28:00  Zergling x2  
  125  28:23  Hatchery  
  124  28:50  Ultralisk, Overlord  
  130  28:59  Ultralisk  
  136  29:08  Overlord  
  136  29:09  Ultralisk  
  142  29:11  Infestor  
  142  29:18  Ultralisk  
  147  29:26  Overlord  
  147  29:27  Zergling x2  
  144  29:36  Hatchery  
  144  29:37  Ultralisk  
  139  29:40  Roach  
  139  29:45  Overlord  
  139  29:46  Ultralisk  
  139  29:48  Roach  
  143  29:55  Hydralisk  
  143  29:59  Roach  
  137  30:04  Hydralisk  
  127  30:14  Hydralisk  
  127  30:16  Roach  
  125  30:23  Hydralisk  
  115  30:50  Queen  
  114  31:07  Overseer  
  114  31:17  Overseer  
  114  31:18  Extractor  
  113  31:22  Spore Crawler  
  112  31:27  Spore Crawler  
  112  31:28  Extractor  
  110  31:40  Hatchery  
  109  31:52  Spine Crawler  
  109  31:53  Spine Crawler  
  104  32:17  Overseer  
  104  32:53  Drone  
  104  32:54  Queen  
  104  32:56  Drone  
  108  32:59  Drone  
  108  33:02  Drone  
  111  33:05  Drone  
  111  33:08  Drone  
  111  33:11  Ultralisk, Extractor, Drone  
  110  33:14  Spore Crawler, Drone  
  110  33:15  Overseer  
  110  33:16  Spore Crawler  
  110  33:17  Drone  
  110  33:18  Extractor  
  103  33:20  Drone  
  103  33:21  Hydralisk  
  103  33:23  Drone  
  103  33:26  Overlord  
  103  33:27  Overlord, Drone  
  101  33:30  Overseer, Drone  
  101  33:31  Hydralisk  
  80  33:39  Spine Crawler  
  79  33:41  Hydralisk  
  79  33:43  Drone, Spine Crawler  
  79  33:45  Queen  
  79  33:46  Overlord  
  79  33:47  Drone  
  80  33:50  Drone  
  80  33:51  Hydralisk  
  80  33:53  Drone  
  77  33:56  Drone  
  77  33:59  Drone  
  77  34:01  Drone x2  
  77  34:02  Zergling x2, Drone  
  77  34:05  Drone  
  77  34:08  Drone  
  71  34:10  Drone  
  71  34:12  Ultralisk, Spore Crawler  
  71  34:14  Drone  
  73  34:17  Drone  
  73  34:20  Drone  
  73  34:22  Spore Crawler  
  73  34:23  Drone  
  75  34:26  Drone x2  
  75  34:29  Drone  
  75  34:31  Drone  
  74  34:32  Drone  
  74  34:33  Ultralisk  
  74  34:35  Drone  
  74  34:37  Drone  
  76  34:40  Drone  
  76  34:43  Ultralisk, Drone  
  76  34:44  Drone  
  83  34:47  Drone  
  83  34:50  Drone  
  83  34:51  Drone x3  
  79  34:53  Ultralisk, Drone  
  79  34:55  Drone  
  79  34:58  Drone x2  
  79  34:59  Drone x2  
  82  35:01  Drone  
  82  35:03  Hydralisk  
  82  35:04  Drone  
  83  35:12  Drone  
  83  35:13  Hydralisk  
  82  35:15  Drone, Spine Crawler  
  82  35:18  Drone  
  82  35:20  Queen  
  78  35:21  Drone  
  78  35:23  Hydralisk  
  78  35:24  Drone  
  78  35:25  Spine Crawler  
  78  35:27  Drone  
  75  35:30  Drone  
  75  35:31  Drone  
  75  35:32  Spore Crawler  
  75  35:33  Drone  
  75  35:34  Zergling x2  
  75  35:35  Drone  
  73  35:36  Drone  
  73  35:39  Drone  
  73  35:40  Drone  
  73  35:42  Overseer  
  72  35:43  Hydralisk, Drone  
  72  35:45  Drone  
  72  35:48  Drone  
  72  35:49  Drone  
  75  35:52  Drone  
  75  35:54  Ultralisk  
  75  35:55  Drone  
  83  35:58  Drone  
  83  36:00  Drone  
  77  36:04  Ultralisk  
  77  36:08  Drone  
  79  36:14  Hydralisk  
  75  36:25  Ultralisk  
  66  36:29  Hatchery  
  64  36:34  Hydralisk  
  54  36:55  Drone  
  40  37:41  Drone  
  40  37:46  Drone  
  41  38:48  Ultralisk  
  41  38:49  Hatchery  
  40  38:55  Overseer  
  40  38:57  Hydralisk  
  40  38:59  Overseer  
  42  39:15  Overseer  
  34  39:46  Spawning Pool  
  33  40:12  Drone  
  34  40:24  Drone  
  34  40:28  Drone  
  32  40:32  Drone  
  27  40:39  Evolution Chamber, Lair  
  24  40:43  Evolution Chamber  
  23  41:11  Drone  
  16  41:17  Drone  
  16  41:36  Drone  
  14  41:42  Drone  
  14  41:47  Drone  
  15  41:51  Hydralisk Den  
  15  41:52  Drone x2  
  15  41:54  Infestation Pit  
  12  42:22  Drone  
  12  42:28  Drone  
  13  42:30  Drone  
  12  43:04  Drone  
  13  43:06  Drone  
  13  43:21  Drone  
  12  43:30  Drone  
  12  43:40  Drone  
  9  43:41  Drone  
  9  43:42  Drone  
  9  43:43  Drone  
Tags
 
Add a new tag
Caveats
  • Supply blocks, unpowered buildings, or Contaminate may cause inaccurate times.
  • Supply counts are checked every 10 seconds.